 Dungeon Crawl Stone Soup version 0.17-a0-702-gb3a3556 (webtiles) character file.

4288 inmateoo the Cruncher (level 10, -3/77 HPs)
             Began as a Mummy Gladiator on Apr 19, 2015.
             Was a Priest of Qazlal.
             Engulfed by a cloud of flame (27 damage)
             ... on level 9 of the Dungeon.
             The game lasted 00:18:03 (9609 turns).

inmateoo the Cruncher (Mummy Gladiator)             Turns: 9609, Time: 00:18:03

Health: -3/77      AC:  8    Str: 18    XL:     10   Next: 10%
Magic:  15/17      EV: 14    Int:  8    God:    Qazlal [***...]
Gold:   434        SH:  4    Dex: 16    Spells: 5 memorised, 3 levels left

rFire  x . .     SeeInvis .     a - +0 quarterstaff
rCold  + . .     Clarity  .     r - +0 ring mail
rNeg   + + +     SustAb   .     (no shield)
rPois  ∞         Gourm    .     c - +1 helmet
rElec  .         Spirit   .     n - +0 cloak
rCorr  +         Warding  .     (no gloves)
rMut   .         Stasis   .     (no boots)
MR     +....                    s - amulet of resist corrosion
Stlth  +.........               (no ring)
                                q - ring of flight

@: somewhat resistant to hostile enchantments, very unstealthy
A: no food or potions, fire vulnerability, cold resistance 1, negative energy
resistance 3, torment resistance, unbreathing
a: Upheaval, Elemental Force, Renounce Religion, Evoke Flight


You were on level 9 of the Dungeon.
You worshipped Qazlal.
Qazlal was most pleased with you.
You were not hungry.

You visited 2 branches of the dungeon, and saw 10 of its levels.

You collected 434 gold pieces.

Inventory:

Hand weapons
 a - a +0 quarterstaff (weapon)
 e - a +0 morningstar
 f - a +0 blowgun
 m - a +3 quarterstaff of chaos
 p - a +2 whip of flaming
 u - a +0 mace of draining
Missiles
 i - 18 poisoned needles
 l - 7 javelins (quivered)
Armour
 c - a +1 helmet (worn)
 n - a +0 cloak (worn)
 r - a +0 ring mail (worn)
Jewellery
 q - a ring of flight (left hand)
 s - an amulet of resist corrosion (around neck)
Magical devices
 b - a wand of fire (9)
 d - a wand of lightning (0)
 o - a wand of disintegration (1)
 y - a wand of frost (36)
 B - a wand of digging (6)
Scrolls
 g - 2 scrolls of fog
 h - 3 scrolls of remove curse
 k - 3 scrolls of identify
 t - a scroll of enchant armour
 v - a scroll of magic mapping
 w - a scroll of teleportation
Books
 j - a book of Dreams

   Spells                             Type                      Level
   a - Ensorcelled Hibernation        Hexes/Ice                    2
   b - Flight                         Charms/Air                   3
   c - Phase Shift                    Translocation                5
   d - Shadow Creatures               Summoning                    5
   e - Mass Confusion                 Hexes                        6
   f - Darkness                       Hexes                        7
 x - a book of Minor Magic

   Spells                             Type                      Level
   a - Magic Dart                     Conjuration                  1
   b - Blink                          Translocation                2
   c - Call Imp                       Summoning                    2
   d - Repel Missiles                 Charms/Air                   2
   e - Slow                           Hexes                        2
   f - Conjure Flame                  Conjuration/Fire             3
   g - Mephitic Cloud                 Conjuration/Poison/Air       3
 z - a book of Burglary

   Spells                             Type                      Level
   a - Swiftness                      Charms/Air                   2
   b - Passwall                       Transmutation/Earth          3
   c - Passage of Golubria            Translocation                4
   d - Lee's Rapid Deconstruction     Earth                        5
   e - Invisibility                   Hexes                        6
   f - Darkness                       Hexes                        7
 A - a book of Unlife

   Spells                             Type                      Level
   a - Recall                         Summoning/Translocation      3
   b - Animate Dead                   Necromancy                   4
   c - Control Undead                 Necromancy                   4
   d - Cigotuvi's Embrace             Necromancy                   5
   e - Death Channel                  Necromancy                   6
   f - Simulacrum                     Ice/Necromancy               6


   Skills:
 + Level 6.6 Fighting
 * Level 8.2 Staves
 - Level 1.5 Throwing
 + Level 5.7 Dodging
 + Level 4.8 Spellcasting
 + Level 3.0 Summonings
 - Level 2.0 Invocations


You had 3 spell levels left.
You knew the following spells:

 Your Spells              Type           Power        Failure   Level  Hunger
a - Flight                Chrm/Air       #.........   98%         3    N/A
b - Shadow Creatures      Summ           N/A          100%        5    N/A
c - Call Imp              Summ           #.......     24%         2    N/A
d - Blink                 Tloc           N/A          78%         2    N/A
e - Mephitic Cloud        Conj/Pois/Air  #.......     98%         3    N/A

Dungeon Overview and Level Annotations

Branches:
Dungeon (9/15)             Temple (1/1) D:5
   Lair: D:8-11         Orc: D:9-12

Altars:
Ashenzari
Dithmenos
Gozag
Kikubaaqudgha
Qazlal
Trog
Vehumet
Yredelemnul

Annotations:
D:5 Sigmund


Innate Abilities, Weirdness & Mutations

You do not eat or drink.
Your flesh is vulnerable to fire.
You are immune to poison.
Your flesh is cold resistant.
You are immune to negative energy.
You are immune to unholy pain and torment.
You can survive without breathing.


Message History

Your ring mail prevents you from hitting the orc warrior.
The orc warrior is severely wounded.
Your crimson imp barely misses the orc warrior.
Unknown command.
You completely miss the orc warrior.
The orc warrior is severely wounded.
Your shadow imp hits the orc warrior.
The orc warrior is engulfed in freezing vapours.
You kill the orc warrior!
Qazlal accepts your kill.
Unknown command.
You open the door.
You close the door.
There's nothing to close nearby.
You open the door.
There is an open door here.
Really walk into that cloud of flame?
Really walk into a travel-excluded area?
You are engulfed in roaring flames.
You die...

#### #%%### #.5'@#
##5#### #....$#
##.#### #.....#
#########)########
##....$............
##..♣...............
#..................


You could see a friendly crimson imp and a friendly shadow imp.

Vanquished Creatures
  Pikel (D:5)
  A human (D:9)
  Edmund (D:5)
  3 orc warriors
  Duvessa (D:5)
  2 sky beasts
  2 phantoms
  A centaur (D:6)
  3 ice beasts
  5 ogres
  The ghost of oplop the Changer, an average DsTm (D:3)
  A big kobold (D:8)
  5 giant frogs
  Dowan (D:5)
  A scorpion (D:9)
  4 killer bees (D:9)
  2 crimson imps
  A centaur zombie (D:9)
  7 orc wizards
  2 jellies
  Crazy Yiuf (D:3)
  Ijyb (D:2)
  A giant frog zombie (D:5)
  5 hounds
  2 iguanas
  Jessica (D:2)
  2 giant frog skeletons
  2 orc priests
  6 worker ants
  A hound zombie (D:6)
  A worker ant zombie (D:7)
  10 gnolls
  8 adders
  2 shadow imps
  2 oozes
  2 adder skeletons
  2 worms
  5 giant geckos
  31 orcs
  A bat skeleton (D:5)
  A bat zombie (D:5)
  3 giant cockroaches
  9 hobgoblins
  10 jackals
  25 kobolds
  6 quokkas
  A ball python (D:6)
  15 bats
  A giant gecko skeleton (D:4)
  A giant gecko zombie (D:7)
  7 giant newts
  18 goblins
  A jackal zombie (D:5)
  11 rats
240 creatures vanquished.

Vanquished Creatures (others)
  A slave (D:5)
  A crimson imp (D:5)
  A giant frog skeleton (D:5)
  A kobold (D:5)
  2 plants (D:9)
6 creatures vanquished.

Grand Total: 246 creatures vanquished

Notes
Turn   | Place    | Note
--------------------------------------------------------------
     0 | D:1      | inmateoo, the Mummy Gladiator, began the quest for the Orb.
     0 | D:1      | Reached XP level 1. HP: 16/16 MP: 1/1
   313 | D:1      | Reached XP level 2. HP: 21/23 MP: 2/2
   612 | D:2      | Noticed Jessica
   618 | D:2      | Killed Jessica
   618 | D:2      | Reached skill level 3 in Staves
   618 | D:2      | Reached XP level 3. HP: 28/28 MP: 3/3
   807 | D:2      | Reached XP level 4. HP: 23/34 MP: 4/4
  1158 | D:2      | Found an opulent altar of Gozag.
  1160 | D:2      | Noticed Ijyb
  1452 | D:2      | Killed Ijyb
  1515 | D:3      | Noticed oplop's ghost (average DsTm)
  1538 | D:4      | Noticed a phantom
  1639 | D:3      | Reached XP level 5. HP: 10/41 MP: 5/5
  2064 | D:3      | Noticed Crazy Yiuf
  2072 | D:3      | Killed Crazy Yiuf
  2266 | D:3      | Killed oplop's ghost
  2266 | D:3      | Reached skill level 4 in Staves
  2543 | D:4      | Killed a phantom
  2543 | D:4      | Reached XP level 6. HP: 33/48 MP: 6/6
  2576 | D:4      | Noticed an ogre
  3382 | D:4      | Learned a level 3 spell: Flight
  3463 | D:4      | Noticed an ogre
  3530 | D:4      | Killed an ogre
  3530 | D:4      | Reached skill level 5 in Staves
  3530 | D:4      | Reached XP level 7. HP: 24/53 MP: 6/8
  3891 | D:4      | Noticed an ogre
  3894 | D:4      | Reached skill level 1 in Spellcasting
  3900 | D:4      | Killed an ogre
  3963 | D:5      | Entered Level 5 of the Dungeon
  3963 | D:5      | Noticed Edmund
  4027 | D:5      | Noticed Dowan
  4029 | D:5      | Noticed Duvessa
  4306 | D:4      | HP: 2/54 [acid (10)]
  4610 | D:5      | Found a staircase to the Ecumenical Temple.
  4674 | Temple   | Entered the Ecumenical Temple
  4684 | Temple   | Became a worshipper of Qazlal Stormbringer
  4996 | D:5      | Noticed Pikel
  5009 | D:5      | Killed Pikel
  5009 | D:5      | Reached skill level 6 in Staves
  5009 | D:5      | Reached XP level 8. HP: 3/61 MP: 9/11
  5478 | D:5      | Killed Dowan
  5478 | D:5      | Reached skill level 5 in Fighting
  5511 | D:5      | Killed Duvessa
  5531 | D:5      | Noticed Sigmund
  5858 | D:5      | Killed Edmund
  6424 | D:5      | Learned a level 5 spell: Shadow Creatures
  6465 | D:5      | Acquired Qazlal's first power
  6597 | D:6      | Reached skill level 5 in Dodging
  6746 | D:6      | Reached skill level 7 in Staves
  6746 | D:6      | Reached skill level 1 in Summonings
  6753 | D:6      | Reached XP level 9. HP: 25/68 MP: 14/14
  7815 | D:7      | Acquired Qazlal's second power
  7951 | D:7      | Learned a level 2 spell: Call Imp
  7954 | D:7      | Learned a level 2 spell: Blink
  7958 | D:7      | Learned a level 3 spell: Mephitic Cloud
  8555 | D:8      | Reached skill level 1 in Invocations
  8878 | D:8      | Reached skill level 8 in Staves
  9087 | D:9      | Acquired Qazlal's third power
  9177 | D:9      | Reached XP level 10. HP: 26/77 MP: 17/17
  9609 | D:9      | Engulfed by a cloud of flame

Action                   |  1- 3 |  4- 6 |  7- 9 | 10-12 || total
-------------------------+-------+-------+-------+-------++-------
Melee: Quarterstaff      |    78 |   248 |   607 |    46 ||   979
       Whip              |       |       |    10 |       ||    10
 Fire: Blowgun           |       |     8 |    14 |       ||    22
Throw: Throwing net      |       |       |     3 |       ||     3
       Javelin           |       |       |     7 |       ||     7
 Cast: Call Imp          |       |       |       |     2 ||     2
Evoke: Wand              |       |       |     5 |       ||     5
  Use: Scroll            |     2 |     3 |     7 |       ||    12
 Stab: Paralysed         |       |       |     6 |       ||     6
       Held in net/web   |       |       |     2 |       ||     2
